 Dungeon Crawl Stone Soup version 0.31.0-11-ge490571c62 (webtiles) character file.

Game seed: 15583001916746841793

51 qw the Shooter (level 3, -10/18 HPs)
             Began as a Spriggan Hunter on Feb 3, 2024.
             Mangled by Sigmund
             ... wielding a +0 scythe
              (12 damage)
             ... on level 2 of the Dungeon.
             The game lasted 00:00:04 (1086 turns).

qw the Shooter (Spriggan Hunter)                    Turns: 1086, Time: 00:00:04

Health: -10/18     AC:  2    Str:  7    XL:     3   Next: 58%
Magic:  4/4        EV: 19    Int: 10    God:
Gold:   116        SH:  0    Dex: 20    Spells: 2/2 levels left

rFire   . . .        a - +0 shortbow
rCold   . . .        (shield currently unavailable)
rNeg    . . .        c - +0 robe
rPois   .            (helmet restricted)
rElec   .            (no cloak)
rCorr   .            (gloves unavailable)
SInv    +            (boots unavailable)
Will    .....        (no amulet)
Stlth   +            (no ring)
HPRegen 0.23/turn    (no ring)
MPRegen 0.09/turn

%: no passive effects
@: confused, very quick
A: very small, no large weapons, unfitting armour, see invisible, speed 3
a: no special abilities


You were on level 2 of the Dungeon.
You visited 1 branch of the dungeon, and saw 2 of its levels.

You collected 116 gold pieces.


Innate Abilities, Weirdness & Mutations

You are very small and have problems with some larger weapons.
You are too small for most types of armour.
You have supernaturally acute eyesight. (SInv)
You cover ground extremely quickly. (Speed+++)


   Skills:
 - Level 1.5 Fighting
 + Level 4.8 Ranged Weapons
 - Level 4.0 Dodging
 - Level 1.5 Stealth


You had 2 spell levels left.
You didn't know any spells.
Your spell library was empty.

Inventory:

Hand Weapons
 a - a +0 shortbow (weapon)
Armour
 c - a +0 robe (worn)
Jewellery
 b - a ring of magical power
 d - an amulet of magic regeneration

Dungeon Overview and Level Annotations

Branches:
Dungeon (2/15)

Altars:

Annotations:
D:2 Sigmund


Message History

Sigmund shouts!
Sigmund is lightly wounded.
You shoot an arrow. The arrow completely misses Sigmund.
You shoot an arrow. The arrow hits Sigmund.
Sigmund is moderately wounded.
You shoot an arrow. The arrow closely misses Sigmund.
You shoot an arrow.
The arrow hits Sigmund but does no damage.
Sigmund is moderately wounded.
Sigmund breathes a few words.
Sigmund's hands start flickering wildly.
Sigmund barely misses you.
You shoot an arrow. The arrow closely misses Sigmund.
You shoot an arrow.
The arrow hits Sigmund but does no damage.
Sigmund is moderately wounded.
Sigmund misses you.
You shoot an arrow.
The arrow hits Sigmund but does no damage.
Sigmund is moderately wounded.
Sigmund points at you and mumbles some strange words.
You are confused.
Sigmund points at you and mumbles some strange words.
You are more confused.
Sigmund closely misses you.
Sigmund points at you and mumbles some strange words.
The puff of flame hits you!
Sigmund points at you and mumbles some strange words.
The puff of flame hits you!
Ouch! That really hurt!
Sigmund misses you.
Sigmund points at you and mumbles some strange words.
You are more confused.
Sigmund casts a spell at you.
You are more confused.
Sigmund misses you.
Sigmund hits you from afar with a +0 scythe!
Ouch! That really hurt!
You die...
Sigmund begins carving another notch in his scythe.

#.##.###.# # .#
#>.......#.#<..
#####.#####.#..#!.
###.....#)......##.### .
.........%..#.#... ..#..
....)...%......(.......>
###.#.#.##..#.#.##...#..
#.#.#.##....#.#...%.$.
#.#.#.##.#....@.@..<..
#.#.#.##.#..#.##.####.
#.#.#.##.##....# #
#.#.#. #(####..# #.#..
#.# #..# ... #.# #..#
+#... #. #... ..###
#.#.. ..+ .[...#


You could see Sigmund.

Vanquished Creatures
  An adder (D:2)
  A dart slug (D:1)
  5 ball pythons
  6 bats
  4 endoplasms (D:2)
  A giant cockroach (D:2)
  A goblin (D:1)
  6 hobgoblins
  4 kobolds
  A quokka (D:1)
  7 frilled lizards
  A rat (D:2)
38 creatures vanquished.

Notes
Turn   | Place    | Note
-------+----------+-------------------------------------------
     0 | D:1      | qw the Spriggan Hunter began the quest for the Orb.
     0 | D:1      | Reached XP level 1. HP: 10/10 MP: 2/2
     0 | D:1      | 0 ||| qw: Version: 0.3-a-158-g18b3111
     0 | D:1      | 0 ||| qw: Game counter: 4188
     0 | D:1      | 0 ||| qw: Melee chars always use a shield: true
     0 | D:1      | 0 ||| qw: God list: Okawaru
     0 | D:1      | 0 ||| qw: Allow faded altars: false
     0 | D:1      | 0 ||| qw: Do Orc after clearing Dungeon:15 true
     0 | D:1      | 0 ||| qw: Do second Lair branch before Depths: true
     0 | D:1      | 0 ||| qw: Lair rune preference: random
     0 | D:1      | 0 ||| qw: Goals: Normal
     0 | D:1      | 0 ||| PLANNING D:1-11
    48 | D:1      | Reached skill level 3 in Dodging
   162 | D:1      | Reached XP level 2. HP: 14/14 MP: 3/3
   641 | D:1      | 641 ||| READING scroll labelled YCROEFR QOCZIKLASCH.
   742 | D:1      | 742 ||| READING scroll labelled WELIGI NOXIUJIURCH.
   767 | D:1      | 767 ||| READING scroll labelled WUUS HIREA.
   768 | D:1      | 768 ||| DROPPING scroll of butterflies.
   881 | D:2      | Reached XP level 3. HP: 16/18 MP: 4/4
  1068 | D:2      | Noticed Sigmund
  1080 | D:2      | HP: 1/18 [Sigmund/puff of flame (10)]
  1086 | D:2      | Mangled by Sigmund

Levels and vault maps discovered:
D:1:      shiori_arrival_elements, layout_basic, minmay_lizard_king
D:2:      layout_basic, hellmonk_ecumenical_altar_pennies_from_heaven,
          uniq_sigmund, uniq_crazy_yiuf_cottage

Skill      XL: |  1  2 |
---------------+-------+-----
Dodging        | 3 4 |  4.0
Fighting       | |  1.5
Ranged Weapons | |  4.8
Stealth        | |  1.5

Action                     || total
---------------------------++-------
   Fire: Shortbow          ||   135
    Use: Scroll            ||     3
 Armour: Robe              ||    17
  Dodge: Dodged            ||    61

Table legend:
 A = Non-vault XP
 B = Vault XP
 C = Vault XP percentage of total XP
 D = Non-vault monster count
 E = Vault monster count
 F = Vault count percentage of total count
                 A         B        C        D         E       F
            +---------+---------+-------+---------+---------+-------
      Total |      69 |       5 |   6.8 |      33 |       5 |  13.2
            +---------+---------+-------+---------+---------+-------
        D:1 |      31 |       5 |  13.9 |      17 |       5 |  22.7
        D:2 |      38 |       0 |   0.0 |      16 |       0 |   0.0
            +---------+---------+-------+---------+---------+-------
